 Dungeon Crawl Stone Soup version 0.19-a0-1008-g4c63d25 (webtiles) character file.

85 epen the Insei (level 4, 0/49 HPs)
             Began as a Merfolk Transmuter on July 23, 2016.
             Succumbed to Robin's poison
             ... on level 2 of the Dungeon.
             The game lasted 00:02:16 (1601 turns).

epen the Insei (Merfolk Transmuter)                 Turns: 1601, Time: 00:02:17

Health: 0/49       AC: 22    Str: 10    XL:     4   Next: 48%
Magic:  3/8        EV:  2    Int: 13    God:
Gold:   76         SH:  0    Dex: 19    Spells: 3 memorised, 3 levels left

rFire  . . .     SeeInvis .       - Unarmed
rCold  + . .     Gourm    .     (armour currently unavailable)
rNeg   + + +     Faith    .     (no shield)
rPois  +         Spirit   .     (helmet currently unavailable)
rElec  .         Dismiss  .     (cloak currently unavailable)
rCorr  .         Reflect  .     (gloves currently unavailable)
SustAt .         Harm     .     (boots currently unavailable)
MR     .....     NoTele   +     (no amulet)
Stlth  +++.......               (no ring)
                                k - ring of protection from cold

@: agile, lethally poisoned (0 -> -15), tree-form, very slightly contaminated,
not resistant to hostile enchantments, fairly stealthy
A: (change form in water), (swift swim)
a: no special abilities


You were on level 2 of the Dungeon.
You were hungry.
You were a tree.
You visited 1 branch of the dungeon, and saw 2 of its levels.

You collected 76 gold pieces.

Inventory:

Missiles
 a - 24 arrows
Armour
 b - a +0 robe (melded)
 j - a +0 helmet (melded)
Jewellery
 k - a ring of protection from cold (left branch)
Scrolls
 f - 2 scrolls of identify {unknown}
 g - a scroll of fear {unknown}
 i - a scroll of teleportation {unknown}
 l - a scroll of remove curse {unknown}
 m - a scroll of amnesia {unknown}
Potions
 h - a potion of cancellation
Books
 c - a book of Changes

   Spells                             Type                      Level
   a - Beastly Appendage              Transmutation                1
   b - Sticks to Snakes               Transmutation                2
   c - Spider Form                    Transmutation/Poison         3
   d - Ice Form                       Ice/Transmutation            4
   e - Blade Hands                    Transmutation                5
Comestibles
 d - a bread ration


   Skills:
 + Level 1.7 Fighting
 + Level 3.2 Dodging
 + Level 3.7 Unarmed Combat
 * Level 3.1 Spellcasting
 * Level 3.5 Transmutations


You had 3 spell levels left.
You knew the following spells:

 Your Spells              Type           Power        Failure   Level  Hunger
a - Beastly Appendage     Tmut           ##....       8%          1    #......
b - Sticks to Snakes      Tmut           ##......     10%         2    ##.....
c - Spider Form           Tmut/Pois      #.........   34%         3    ###....


Dungeon Overview and Level Annotations

Branches:
Dungeon (2/15)

Altars:


Message History

You smack Robin!
Robin is almost dead.
* * * LOW HITPOINT WARNING * * *
You feel sick. Robin hits you but does no damage.
You smack Robin!
You kill Robin!
* * * LOW HITPOINT WARNING * * *
You feel sick.
You hit the hobgoblin but do no damage.
* * * LOW HITPOINT WARNING * * *
You feel sick.
The hobgoblin hits you but does no damage.
You are alive.
You are lethally poisoned (1 -> -14).
You are a tree.
You are very lightly contaminated with residual magic.
Your movement speed is average.
Your attack speed is above average.
You are not resistant to hostile enchantments.
You are very unstealthy.
It was a potion of agility.
You feel agile all of a sudden.
You die...

#######.# #..###.###.# #.## #.#
#...)......# #.#
#.#######.####.##### #.## ####
#.........# #.# #.#. ...#
###)..##### #[# #.#. ##.#
##.....## #.# #.#. .#.#
##.......## ##.## #.#.
...###.........####...########...
.....'.........g♣.)..............
...###.....(...####...##.#######.
.#.# ##.......## ##......# #.
...# ##.....## #.###..# ##. ####
##...## #.##...# ##.. ##'##
#......# #... #.# ####.### ##..
#.# #.# ##. #####g#### #.# #.


You could see a hobgoblin.

Vanquished Creatures
  Robin (D:2)
  2 adders (D:2)
  An ooze (D:2)
  A dart slug (D:1)
  2 giant geckos
  A ball python (D:1)
  17 goblins
  4 hobgoblins
  2 jackals (D:1)
  A kobold (D:1)
  2 bats (D:1)
  6 rats
40 creatures vanquished.

Vanquished Creatures (collateral kills)
  An adder (D:1)
1 creature vanquished.

Grand Total: 41 creatures vanquished

Notes
Turn   | Place    | Note
-------+----------+-------------------------------------------
     0 | D:1      | epen the Merfolk Transmuter began the quest for the Orb.
     0 | D:1      | Reached XP level 1. HP: 15/15 MP: 3/3
   230 | D:1      | Reached XP level 2. HP: 17/21 MP: 5/5
   286 | D:1      | Learned a level 2 spell: Sticks to Snakes
   746 | D:1      | Reached XP level 3. HP: 17/26 MP: 4/7
  1209 | D:2      | Learned a level 3 spell: Spider Form
  1447 | D:2      | Reached XP level 4. HP: 28/33 MP: 8/8
  1555 | D:2      | Noticed Robin
  1599 | D:2      | Killed Robin
  1599 | D:2      | HP: 2/49 [poisoned by Robin]
  1601 | D:2      | Succumbed to Robin's poison

Vault maps used:
D:1:      dpeg_arrival_rhombus, minivault_23
D:2:      eat_drink_and_be_merry_uskayaw, uniq_robin

Skill      XL: |  1  2  3 |
---------------+----------+-----
Transmutations | 3 |  3.5
Dodging        | 3 |  3.2
Spellcasting   | 3 |  3.1
Fighting       | |  1.7
Unarmed Combat | |  3.7

Action                   |  1- 3 |  4- 6 || total
-------------------------+-------+-------++-------
Melee: Unarmed           |    84 |    36 ||   120
       Punch             |     1 |       ||     1
 Cast: Beastly Appendage |     2 |       ||     2
       Sticks to Snakes  |     3 |       ||     3
       Spider Form       |       |     2 ||     2
  Use: Potion            |       |     3 ||     3
 Stab: Sleeping          |     3 |       ||     3
  Eat: Chunk             |     2 |       ||     2
Armor: Robe              |    13 |     3 ||    16
       Skin              |       |     3 ||     3
Dodge: Dodged            |    45 |    35 ||    80
